 Dungeon Crawl Stone Soup version 0.20-a0-351-gc9b4002 (webtiles) character file.

7189 snakesoul the Fighter (level 10, -3/96 (97) HPs)
             Began as a Minotaur Fighter on Dec 26, 2016.
             Was an Elder of Okawaru.
             Slain by a two-headed ogre
             ... wielding a +0 giant club
              (13 damage)
             ... on level 9 of the Dungeon.
             The game lasted 00:17:21 (10533 turns).

snakesoul the Fighter (Minotaur Fighter)           Turns: 10533, Time: 00:17:22

HP:   -3/96 (97)    AC: 13    Str: 21    XL:     10   Next: 87%
MP:   9/9           EV:  6    Int:  5    God:    Okawaru [****..]
Gold: 569           SH:  0    Dex: 13    Spells: 9/9 levels left

rFire  . . .     SeeInvis .     W - +3 great sword
rCold  . . .     Gourm    .     R - +0 plate armour
rNeg   . . .     Faith    .     (shield currently unavailable)
rPois  +         Spirit   .     (helmet restricted)
rElec  .         Reflect  .     v - +0 cloak
rCorr  .         Harm     .     N - +0 pair of gloves
MR     .....                    (no boots)
Stlth  ..........               (no amulet)
                                G - ring of poison resistance
                                u - ring of flight

@: no status effects
A: retaliatory headbutt, horns 2
a: Heroism, Renounce Religion, Evoke Flight


You were on level 9 of the Dungeon.
You worshipped Okawaru.
Okawaru was greatly pleased with you.
You were not hungry.

You visited 2 branches of the dungeon, and saw 10 of its levels.

You collected 569 gold pieces.

Inventory:

Hand Weapons
 Q - a +1 morningstar of protection
 U - a +0 shortbow
 W - a +3 great sword (weapon)
Missiles
 q - 133 arrows
Armour
 b - a +0 scale mail
 c - a +0 shield
 v - a +0 cloak (worn)
 E - the +0 robe of Lugonu's Fury {MR++}
   (You found it on level 4 of the Dungeon)

   It affects your resistance to hostile enchantments.
 N - a +0 pair of gloves (worn)
 R - a +0 plate armour (worn)
Jewellery
 t - an uncursed ring of stealth
 u - a ring of flight (left hand)
 G - a ring of poison resistance (right hand)
 H - an uncursed ring of ice
Wands
 L - a wand of enslavement (10/24)
 P - a wand of slowing (17/48)
 S - a wand of flame (32/48)
 Y - a wand of digging (13/24)
Scrolls
 a - a scroll of fear {unknown}
 h - 2 scrolls of magic mapping {unknown}
 i - 4 scrolls of random uselessness {unknown}
 k - a scroll of fog {unknown}
 s - 5 scrolls of enchant armour {unknown}
 x - 4 scrolls of blinking {unknown}
 y - a scroll of amnesia {unknown}
 B - 2 scrolls of teleportation {unknown}
 C - 6 scrolls of remove curse {unknown}
 D - 12 scrolls of identify {unknown}
 F - a scroll of immolation {unknown}
 M - a scroll of enchant weapon {unknown}
Potions
 e - 3 potions of heal wounds
 g - a potion of resistance {unknown}
 j - a potion of mutation {unknown}
 m - a potion of degeneration {unknown}
 n - a potion of agility {unknown}
 o - a potion of flight {unknown}
 p - 2 potions of beneficial mutation {unknown}
 w - 3 potions of haste {unknown}
 z - 4 potions of curing {unknown}
 A - 3 potions of ambrosia {unknown}
 I - a potion of lignification {unknown}
 J - a potion of brilliance {unknown}
Books
 d - a book of Air

   Spells                             Type                      Level
   a - Shock                          Conjuration/Air              1
   b - Swiftness                      Charms/Air                   2
   c - Repel Missiles                 Charms/Air                   2
   d - Static Discharge               Conjuration/Air              3
   e - Lightning Bolt                 Conjuration/Air              5
 O - a book of Changes

   Spells                             Type                      Level
   a - Beastly Appendage              Transmutation                1
   b - Sticks to Snakes               Transmutation                2
   c - Spider Form                    Transmutation/Poison         3
   d - Ice Form                       Ice/Transmutation            4
   e - Blade Hands                    Transmutation                5
 X - a book of Callings

   Spells                             Type                      Level
   a - Summon Small Mammal            Summoning                    1
   b - Call Imp                       Summoning                    2
   c - Call Canine Familiar           Summoning                    3
   d - Summon Guardian Golem          Hexes/Summoning              3
   e - Summon Lightning Spire         Summoning/Air                4
   f - Summon Ice Beast               Ice/Summoning                4
Comestibles
 f - 6 bread rations
 l - 3 meat rations
 r - 2 slices of pizza
 K - 7 fruits
 T - 6 beef jerkies
 V - 9 royal jellies
 Z - 3 chunks of flesh


   Skills:
 + Level 11.8 Fighting
 + Level 11.7 Long Blades
 * Level 8.8 Bows
 - Level 3.6 Armour
 - Level 7.5 Shields


You had 9 spell levels left.
You didn't know any spells.

Dungeon Overview and Level Annotations

Branches:
Dungeon (9/15)             Temple (1/1) D:6
   Lair: D:8-11         Orc: D:9-12

Altars:
Cheibriados
Dithmenos
Elyvilon
Gozag
Hepliaklqana
Kikubaaqudgha
Makhleb
Nemelex Xobeh
Okawaru
Qazlal
Ru
Trog
Uskayaw
Vehumet
Xom
Yredelemnul
Zin
The Shining One

Shops:
D:7 =   D:8 :


Innate Abilities, Weirdness & Mutations

You reflexively headbutt those who attack you in melee.
You have a pair of horns on your head.


Message History

Wield which item (- for none, * to show all)? (? for menu, Esc to quit)
W - a +3 great sword (weapon)
You slash the two-headed ogre!
The two-headed ogre is heavily wounded.
The two-headed ogre hits you with a giant club! x2
Your plate armour prevents you from hitting the two-headed ogre.
You headbutt the two-headed ogre, but do no damage.
The two-headed ogre is heavily wounded.
The two-headed ogre hits you with a giant club!!
The two-headed ogre barely misses you.
You are too injured to fight recklessly!
You slash the two-headed ogre!
The two-headed ogre is almost dead.
The two-headed ogre hits you with a giant club!!
* * * LOW HITPOINT WARNING * * *
The two-headed ogre barely misses you.
Your plate armour prevents you from hitting the two-headed ogre.
The two-headed ogre is almost dead.
The two-headed ogre hits you with a giant club!
You die...

#.##........'
##..#[.......# ##+#
#.(.'........#
.#####..###(###........#
...%.......(###........#
........%.(..#######+###
.........)....#
../..%..O./...#
%%.....@.....%#
..%..........##
.....(......##
.....((...###
..........# ..........#
..........+ ..........#


You could see a two-headed ogre.

Vanquished Creatures
  Erolcha (D:9)
  The ghost of bworf the Grappler, a novice TrGl (D:7)
  Joseph (D:8)
  The ghost of bworf the Ruffian, an amateur TrGl (D:4)
  3 hornets
  Prince Ribbit (D:6)
  A wyvern (D:8)
  Eustachio (D:6)
  A soldier ant (D:8)
  Edmund (D:6)
  3 sky beasts
  4 orc warriors
  2 ice beasts
  3 phantoms
  A necrophage (D:6)
  8 ogres
  A centaur (D:6)
  3 bullfrogs
  A wyvern skeleton (D:8)
  2 scorpions
  6 killer bees
  8 wights
  A howler monkey (D:6)
  A bullfrog zombie (D:9)
  3 crimson imps
  5 orc priests
  A jelly (D:9)
  4 hounds
  8 orc wizards
  Ijyb (D:4)
  Terence (D:3)
  2 iguanas
  5 worker ants
  A hound zombie (D:6)
  2 hound skeletons
  3 gnolls (D:7)
  A howler monkey skeleton (D:5)
  5 adders
  6 shadow imps
  3 oozes
  5 worms
  2 dart slugs
  3 leopard geckos
  25 orcs
  4 giant cockroaches
  2 gnoll zombies (D:7)
  17 goblins
  4 hobgoblins
  13 jackals
  9 kobolds
  2 quokkas
  A ball python (D:3)
  5 bats
  3 frilled lizards
  A leopard gecko skeleton (D:4)
  A quokka zombie (D:7)
  5 rats
209 creatures vanquished.

Notes
Turn   | Place    | Note
-------+----------+-------------------------------------------
     0 | D:1      | snakesoul the Minotaur Fighter began the quest for the Orb.
     0 | D:1      | Reached XP level 1. HP: 19/19 MP: 0/0
   478 | D:1      | Reached XP level 2. HP: 25/27 MP: 1/1
   964 | D:2      | Reached XP level 3. HP: 19/34 MP: 2/2
  1697 | D:2      | Found an opulent altar of Gozag.
  1936 | D:3      | Noticed Terence
  1943 | D:3      | Killed Terence
  1943 | D:3      | Reached skill level 5 in Fighting
  1943 | D:3      | Reached XP level 4. HP: 42/42 MP: 3/3
  2901 | D:4      | Found an ancient bone altar of Kikubaaqudgha.
  2903 | D:4      | Got a bloodstained robe
  2914 | D:4      | Identified the +0 robe of Lugonu's Fury {MR++} (You found it on level 4 of the Dungeon)
  2922 | D:4      | Noticed an ogre
  2927 | D:4      | Reached XP level 5. HP: 48/48 MP: 4/4
  2927 | D:4      | Reached skill level 5 in Long Blades
  2930 | D:4      | Noticed an ogre
  2939 | D:4      | Killed an ogre
  2939 | D:4      | Reached XP level 6. HP: 5/57 MP: 5/5
  3210 | D:4      | Noticed bworf's ghost (amateur TrGl)
  3227 | D:4      | Killed bworf's ghost
  3227 | D:4      | Reached skill level 5 in Shields
  3227 | D:4      | Reached XP level 7. HP: 27/66 MP: 6/6
  3495 | D:4      | Noticed Ijyb
  3508 | D:4      | Killed Ijyb
  3768 | D:4      | Found a hide-covered altar of Uskayaw.
  3784 | D:4      | Noticed a dagger
  3785 | D:4      | Noticed a dagger
  4268 | D:5      | Entered Level 5 of the Dungeon
  4292 | D:5      | Reached XP level 8. HP: 59/74 MP: 7/7
  4428 | D:5      | Found a stormy altar of Qazlal.
  4533 | D:5      | Found a snail-covered altar of Cheibriados.
  4815 | D:5      | Found a sacrificial altar of Ru.
  5311 | D:6      | Found a staircase to the Ecumenical Temple.
  5320 | Temple   | Entered the Ecumenical Temple
  5394 | Temple   | Became a worshipper of Warmaster Okawaru
  5432 | D:6      | Noticed Eustachio
  5775 | D:6      | Killed Eustachio
  5856 | D:6      | Reached XP level 9. HP: 59/84 MP: 8/8
  5984 | D:6      | Noticed Edmund
  6000 | D:6      | Killed Edmund
  6160 | D:6      | Noticed Prince Ribbit
  6183 | D:6      | Killed Prince Ribbit
  6183 | D:6      | Reached * piety under Okawaru
  6183 | D:6      | Reached skill level 10 in Fighting
  6567 | D:6      | Found a burning altar of Makhleb.
  6576 | D:6      | Reached skill level 1 in Bows
  6727 | D:7      | Noticed bworf's ghost (novice TrGl)
  7387 | D:7      | Paralysed by a hornet for 2 turns
  7390 | D:7      | Reached skill level 10 in Long Blades
  7464 | D:7      | Found a shadowy altar of Dithmenos.
  7513 | D:7      | Found a white marble altar of Elyvilon.
  7652 | D:7      | Reached ** piety under Okawaru
  7913 | D:7      | Killed bworf's ghost
  7913 | D:7      | Reached skill level 5 in Bows
  8248 | D:7      | Found Nesic's Jewellery Shop.
  8426 | D:7      | Found a basalt altar of Yredelemnul.
  8512 | D:8      | Found Faxty's Book Shop.
  8535 | D:8      | Reached *** piety under Okawaru
  8535 | D:8      | Reached XP level 10. HP: 82/93 MP: 9/9
  9075 | D:8      | Noticed Joseph
  9098 | D:8      | Killed Joseph
  9098 | D:8      | Received a gift from Okawaru
  9525 | D:8      | Paralysed by a hornet for 2 turns
 10059 | D:9      | Found a white marble altar of Elyvilon.
 10071 | D:9      | Reached **** piety under Okawaru
 10267 | D:9      | Received a gift from Okawaru
 10448 | D:9      | Noticed Erolcha
 10457 | D:9      | Killed Erolcha
 10522 | D:9      | Noticed a two-headed ogre
 10533 | D:9      | Slain by a two-headed ogre

Vault maps used:
D:1:      lemuel_arrival_hallway, nrook_loot_triangle
D:2:      grunt_gozag_statues
D:3:      uniq_terence
D:4:      kennysheep_goblin_castle, dancing_weapons_uskayaw,
          kiku_gazebo_garden_becter, first_bread
D:5:      marbit_many_paths, kennysheep_mini_moat, cheibrodos_worm_habitat
D:6:      makhleb_blood_cavern_becter, enter_ossuary_1, uniq_eustachio,
          uniq_edmund, uniq_prince_ribbit1
D:7:      lemuel_zombie_altar_yredelemnul, lemuel_crystal_altar, basic_altar,
          serial_shops, nicolae_shop_temple_entry_statues_fountains
D:8:      serial_shops, kennysheep_mini, hangedman_pestilent_swarm, uniq_joseph
D:9:      elyvilon_altar_5, david_lair_generic, nicolae_wand_duel, uniq_erolcha
Temple:   jpeg_temple_clearing

Skill      XL: |  1  2  3  4  5  6  7  8  9 10 |
---------------+-------------------------------+-----
Fighting       | 4 5 7 9 10 11 | 11.8
Long Blades    | 3 4 5 6 7 9 10 11 | 11.7
Shields        | 4 5 7 |  7.5
Bows           | 5 8 |  8.8
Armour         | |  3.6

Action                   |  1- 3 |  4- 6 |  7- 9 | 10-12 || total
-------------------------+-------+-------+-------+-------++-------
Melee: Long sword        |    94 |    92 |   141 |       ||   327
       Headbutt          |    14 |    17 |    80 |    20 ||   131
       Great sword       |       |       |   151 |   115 ||   266
 Fire: Shortbow          |       |       |    17 |    40 ||    57
  Use: Potion            |       |     3 |     2 |       ||     5
  Eat: Chunk             |     3 |     4 |    18 |     6 ||    31
Armor: Scale mail        |    27 |    26 |    79 |       ||   132
       Robe              |       |     3 |       |       ||     3
       Plate armour      |       |       |   105 |    82 ||   187
Dodge: Dodged            |    30 |    31 |   105 |    35 ||   201
Block: Shield            |    46 |    56 |    61 |       ||   163
       Rpst.: Long sword |     6 |     8 |     6 |       ||    20
       Great sword       |       |       |    28 |     4 ||    32
